 Dungeon Crawl Stone Soup version 0.28-a0-1493-g08698888e4 (webtiles) character file.

Game seed: 7422187575629202349

3112 sanka the Basher (level 9, -2/74 HPs)
             Began as a Gnoll Cinder Acolyte on Jan 12, 2022.
             Was an Elder of Ignis.
             Succumbed to a hornet's poison
             ... on level 6 of the Dungeon.
             The game lasted 00:10:07 (8555 turns).

sanka the Basher (Gnoll Cinder Acolyte)             Turns: 8555, Time: 00:10:09

Health: -2/74      AC:  8    Str: 18 (19) XL:     9   Next: 91%
Magic:  2/15       EV: 11    Int: 14 (15) God:    Ignis [****..]
Gold:   311        SH:  0    Dex:  7 (9)  Spells: 17/19 levels left

rFire   + . .      SeeInvis .   v - +2 flail (protect)
rCold   . . .      Faith    .   (no shield)
rNeg    . . .      Spirit   .   w - +2 ring mail {rPois}
rPois   +          Reflect  .   (no helmet)
rElec   .          Harm     .   (no cloak)
rCorr   .          Rampage  .   (no gloves)
Will    .....                   (no boots)
Stlth   ++........              (no amulet)
HPRegen 0.22/turn               l - ring of flight
MPRegen 0.14/turn               k - +6 ring of strength

@: lethally poisoned (-2 -> -11), attractive, flying
A: fangs 1, strong nose, distributed training, dopey 1, low mp 1
a: Renounce Religion, Fiery Armour, Foxfire Swarm, Rising Flame


You were on level 6 of the Dungeon.
You worshipped Ignis.
Ignis was greatly pleased with you.
You visited 2 branches of the dungeon, and saw 7 of its levels.

You collected 311 gold pieces.


Innate Abilities, Weirdness & Mutations

You have very sharp teeth.
Your uncanny sense of smell can sniff out nearby items.
Your experience applies equally to all skills.
You are dopey. (Int -2)
Your magical capacity is low. (-10% MP)


   Skills:
 + Level 8.1 Fighting
 + Level 4.7 Short Blades
 + Level 4.7 Long Blades
 + Level 4.7 Axes
 + Level 8.1 Maces & Flails
 + Level 4.7 Polearms
 + Level 4.7 Staves
 + Level 4.7 Slings
 + Level 4.7 Bows
 + Level 4.7 Crossbows
 + Level 4.7 Throwing
 + Level 4.7 Armour
 + Level 4.7 Dodging
 + Level 4.7 Stealth
 + Level 4.7 Shields
 + Level 4.7 Unarmed Combat
 + Level 5.5 Spellcasting
 + Level 3.9 Conjurations
 + Level 3.9 Hexes
 + Level 3.9 Summonings
 + Level 3.9 Necromancy
 + Level 3.9 Translocations
 + Level 3.9 Transmutations
 + Level 6.8 Fire Magic
 + Level 3.9 Ice Magic
 + Level 3.9 Air Magic
 + Level 3.9 Earth Magic
 + Level 3.9 Poison Magic
 + Level 5.1 Invocations
 + Level 4.7 Evocations


You had 17 spell levels left.
You knew the following spells:

 Your Spells              Type           Power      Damage    Failure   Level
y - Scorch                Fire           44%        2d7       2%          2

Your spell library contained the following spells:

 Spells                   Type           Power      Damage    Failure   Level
 Animate Skeleton         Necr           28%        N/A       5%          1
 Apportation              Tloc           28%        N/A       5%          1
 Summon Small Mammal      Summ           56%        N/A       5%          1

Inventory:

Hand Weapons
 a - a +3 trident of venom
 c - a +2 rapier of venom
 n - a +0 trident
 r - a +0 flail
 s - a -1 mace of flaming
 v - a +2 flail of protection (weapon)
 x - a +0 morningstar
Armour
 b - a +0 robe
 w - a +2 ring mail of poison resistance (worn)
Magical Staves
 h - a staff of cold
Jewellery
 k - a +6 ring of strength (right hand)
 l - a ring of flight (left hand)
Wands
 y - a wand of charming (11)
 C - a wand of acid (12)
Scrolls
 d - a scroll of silence {unknown}
 e - a scroll of brand weapon {unknown}
 f - 2 scrolls of teleportation {unknown}
 g - a scroll of amnesia {unknown}
 j - a scroll of magic mapping {unknown}
 m - 4 scrolls of identify {unknown}
 o - a scroll of acquirement {unknown}
 q - a scroll of summoning {unknown}
 z - a scroll of blinking {unknown}
Potions
 i - a potion of heal wounds {unknown}
 t - a potion of attraction {!q}
 u - a potion of invisibility {unknown}
 A - a potion of mutation {!q}

Dungeon Overview and Level Annotations

Branches:
Dungeon (6/15)             Temple (1/1) D:5

Altars:
Cheibriados
Dithmenos
Elyvilon
Fedhas
Gozag
Hepliaklqana
Kikubaaqudgha
Makhleb
Nemelex Xobeh
Okawaru
Qazlal
Sif Muna
Uskayaw
Vehumet
Wu Jian
Xom
Yredelemnul
Zin
The Shining One

Shops:
D:1 [=:(

................▒▒▒
.>▒.▒▒▒▒........▒▒
..▒†▒ ▒(........▒
..▒.▒ ▒.......▒.▒
▒.▒.▒ ▒▒▒..(▒...▒
.▒.▒ ........†▒
...▒ ▒.▒▒▒▒▒▒▒.▒
.... ▒. ▒.▒ ▒▒▒▒
▒.▒▒▒▒ ▒g▒ ▒.▒....▒
▒y▒ ▒▒.▒....▒▒▒▒o▒
▒.........▒▒.▒▒▒▒.▒
▒........^......▒
▒..........▒▒▒▒.▒ .
▒▒▒..)▒▒▒▒▒▒ ▒.▒
▒..)▒ ▒...▒▒▒.▒


You could see a hornet and an orc.


Message History

You don't have enough magic to cast this spell.
Unknown command.
It was a potion of attraction.
You feel attractive to monsters.
You feel sick.
You are no longer poisoned.
The hornet stings you but does no damage.
Unknown command.
It was a potion of mutation.
You feel extremely strange.
You feel less energetic.
You feel stupid. The hornet stings you.
* * * LOW HITPOINT WARNING * * *
The hornet stings you.
* * * LOW HITPOINT WARNING * * *
You are lethally poisoned!
Unknown command.
It was a potion of flight.
You feel more buoyant.
* * * LOW HITPOINT WARNING * * *
You feel very sick.
The hornet is no longer more vulnerable to fire.
The hornet barely misses you.
It was a potion of degeneration.
There was something very wrong with that liquid.
You feel weakened.
You feel dopey.
You feel clumsy.
You die...

Action                   |  1- 3 |  4- 6 |  7- 9 || total
-------------------------+-------+-------+-------++-------
Melee: Mace              |    64 |    21 |       ||    85
       Bite              |     7 |     2 |    13 ||    22
       Punch             |       |     1 |     6 ||     7
       Trident           |       |       |    29 ||    29
       Flail             |       |       |    99 ||    99
 Cast: Scorch            |     8 |    41 |   129 ||   178
Invok: Foxfire Swarm     |     1 |       |     1 ||     2
       Fiery Armour      |       |       |     2 ||     2
  Use: Potion            |       |       |     6 ||     6
 Stab: Sleeping          |       |     1 |       ||     1
       Distracted        |       |       |     1 ||     1
Armor: Robe              |     7 |     4 |     7 ||    18
       Ring mail         |       |       |   107 ||   107
Dodge: Dodged            |    38 |    22 |   154 ||   214

Levels and vault maps discovered:
D:1:      eino_arrival_cavern_a, layout_loops_ring, serial_shops, shop,
          nicolae_shop_hallway_stairs, shop, nicolae_shop_crystal, st_stairs_5,
          minmay_misc_feat_rows, minmay_door_square
D:2:      layout_rooms, uniq_sigmund
D:3:      layout_rooms, grunt_temple_overflow_growth_and_decay,
          minmay_close_crescents
D:4:      layout_rooms, slow_altar_1, minmay_misc_feat_five, uniq_blork_the_orc,
          uniq_edmund, uniq_pargi, uniq_menkaure
D:5:      layout_rooms, minmay_temple_entry_slanted, uniq_eustachio
D:6:      layout_loops_ring, trog_wizard, chequers_mini_garden, feat_on_display,
          uniq_pikel
Temple:   eino_temple_rhombus

Notes
Turn   | Place    | Note
-------+----------+-------------------------------------------
     0 | D:1      | sanka the Gnoll Cinder Acolyte began the quest for the Orb.
     0 | D:1      | Reached XP level 1. HP: 23/23 MP: 4/4
   153 | D:1      | Found Muriogom's Armour Shoppe.
   345 | D:1      | Found Buawam's Jewellery Boutique.
   420 | D:1      | Reached XP level 2. HP: 22/29 MP: 5/5
   548 | D:1      | Found Takaemer's Book Boutique.
   817 | D:1      | Found Puydwijuo's Weapon Emporium.
  1059 | D:2      | Learned a level 2 spell: Scorch
  1125 | D:2      | Reached XP level 3. HP: 27/35 MP: 1/7
  1596 | D:2      | Noticed Sigmund
  1605 | D:2      | Killed Sigmund
  1606 | D:2      | Reached skill level 1 in Short Blades
  1606 | D:2      | Reached skill level 1 in Long Blades
  1606 | D:2      | Reached skill level 1 in Axes
  1606 | D:2      | Reached skill level 1 in Polearms
  1606 | D:2      | Reached skill level 1 in Staves
  1606 | D:2      | Reached skill level 1 in Slings
  1606 | D:2      | Reached skill level 1 in Bows
  1606 | D:2      | Reached skill level 1 in Crossbows
  1606 | D:2      | Reached skill level 1 in Throwing
  1606 | D:2      | Reached skill level 1 in Armour
  1606 | D:2      | Reached skill level 1 in Dodging
  1606 | D:2      | Reached skill level 1 in Stealth
  1606 | D:2      | Reached skill level 1 in Shields
  1606 | D:2      | Reached skill level 1 in Unarmed Combat
  1606 | D:2      | Reached skill level 3 in Spellcasting
  1606 | D:2      | Reached skill level 1 in Conjurations
  1606 | D:2      | Reached skill level 1 in Hexes
  1606 | D:2      | Reached skill level 1 in Summonings
  1606 | D:2      | Reached skill level 1 in Necromancy
  1606 | D:2      | Reached skill level 1 in Translocations
  1606 | D:2      | Reached skill level 1 in Transmutations
  1606 | D:2      | Reached skill level 1 in Ice Magic
  1606 | D:2      | Reached skill level 1 in Air Magic
  1606 | D:2      | Reached skill level 1 in Earth Magic
  1606 | D:2      | Reached skill level 1 in Poison Magic
  1606 | D:2      | Reached skill level 1 in Invocations
  1606 | D:2      | Reached skill level 1 in Evocations
  1606 | D:2      | Reached XP level 4. HP: 37/41 MP: 8/8
  1606 | D:2      | Reached XP level 5. HP: 43/47 MP: 9/9
  2443 | D:3      | Reached skill level 2 in Invocations
  2443 | D:3      | Reached XP level 6. HP: 53/53 MP: 3/10
  2670 | D:3      | Found an ancient bone altar of Kikubaaqudgha.
  2671 | D:3      | Found a blossoming altar of Fedhas.
  3174 | D:4      | Reached skill level 2 in Short Blades
  3174 | D:4      | Reached skill level 2 in Long Blades
  3174 | D:4      | Reached skill level 2 in Axes
  3174 | D:4      | Reached skill level 2 in Polearms
  3174 | D:4      | Reached skill level 2 in Staves
  3174 | D:4      | Reached skill level 2 in Slings
  3174 | D:4      | Reached skill level 2 in Bows
  3174 | D:4      | Reached skill level 2 in Crossbows
  3174 | D:4      | Reached skill level 2 in Throwing
  3174 | D:4      | Reached skill level 2 in Armour
  3174 | D:4      | Reached skill level 2 in Dodging
  3174 | D:4      | Reached skill level 2 in Stealth
  3174 | D:4      | Reached skill level 2 in Shields
  3174 | D:4      | Reached skill level 2 in Unarmed Combat
  3174 | D:4      | Reached skill level 2 in Evocations
  3658 | D:4      | Noticed Menkaure
  3663 | D:4      | Killed Menkaure
  3664 | D:4      | Reached skill level 7 in Fighting
  3664 | D:4      | Reached skill level 7 in Maces & Flails
  3664 | D:4      | Reached XP level 7. HP: 33/60 MP: 5/12
  3844 | D:4      | Reached skill level 2 in Conjurations
  3844 | D:4      | Reached skill level 2 in Hexes
  3844 | D:4      | Reached skill level 2 in Summonings
  3844 | D:4      | Reached skill level 2 in Necromancy
  3844 | D:4      | Reached skill level 2 in Translocations
  3844 | D:4      | Reached skill level 2 in Transmutations
  3844 | D:4      | Reached skill level 2 in Ice Magic
  3844 | D:4      | Reached skill level 2 in Air Magic
  3844 | D:4      | Reached skill level 2 in Earth Magic
  3844 | D:4      | Reached skill level 2 in Poison Magic
  3912 | D:4      | Noticed Blork the orc
  3923 | D:4      | Killed Blork the orc
  4242 | D:4      | Found a snail-covered altar of Cheibriados.
  4346 | D:4      | Noticed Edmund
  4410 | D:3      | Killed Edmund
  4411 | D:3      | Reached skill level 4 in Spellcasting
  4411 | D:3      | Reached skill level 3 in Invocations
  4685 | D:4      | Noticed Pargi
  4697 | D:4      | Killed Pargi
  4698 | D:4      | Reached skill level 6 in Fire Magic
  4698 | D:4      | Reached XP level 8. HP: 67/67 MP: 5/14
  4775 | D:4      | Reached skill level 3 in Short Blades
  4775 | D:4      | Reached skill level 3 in Long Blades
  4775 | D:4      | Reached skill level 3 in Axes
  4775 | D:4      | Reached skill level 3 in Polearms
  4775 | D:4      | Reached skill level 3 in Staves
  4775 | D:4      | Reached skill level 3 in Slings
  4775 | D:4      | Reached skill level 3 in Bows
  4775 | D:4      | Reached skill level 3 in Crossbows
  4775 | D:4      | Reached skill level 3 in Throwing
  4775 | D:4      | Reached skill level 3 in Armour
  4775 | D:4      | Reached skill level 3 in Dodging
  4775 | D:4      | Reached skill level 3 in Stealth
  4775 | D:4      | Reached skill level 3 in Shields
  4775 | D:4      | Reached skill level 3 in Unarmed Combat
  4775 | D:4      | Reached skill level 3 in Evocations
  5122 | D:5      | Entered Level 5 of the Dungeon
  5190 | D:5      | Noticed Eustachio
  5214 | D:4      | HP: 2/67 [vampire mosquito (7)]
  5222 | D:4      | HP: 6/67 [vampire mosquito (1)]
  5542 | D:4      | HP: 5/67 [vampire mosquito (7)]
  5545 | D:4      | Reached skill level 3 in Conjurations
  5545 | D:4      | Reached skill level 3 in Hexes
  5545 | D:4      | Reached skill level 3 in Summonings
  5545 | D:4      | Reached skill level 3 in Necromancy
  5545 | D:4      | Reached skill level 3 in Translocations
  5545 | D:4      | Reached skill level 3 in Transmutations
  5545 | D:4      | Reached skill level 3 in Ice Magic
  5545 | D:4      | Reached skill level 3 in Air Magic
  5545 | D:4      | Reached skill level 3 in Earth Magic
  5545 | D:4      | Reached skill level 3 in Poison Magic
  5545 | D:4      | Reached skill level 4 in Invocations
  5851 | D:5      | Killed Eustachio
  5852 | D:5      | Reached XP level 9. HP: 62/72 MP: 5/16
  6058 | D:5      | Reached skill level 4 in Short Blades
  6058 | D:5      | Reached skill level 4 in Long Blades
  6058 | D:5      | Reached skill level 4 in Axes
  6058 | D:5      | Reached skill level 4 in Polearms
  6058 | D:5      | Reached skill level 4 in Staves
  6058 | D:5      | Reached skill level 4 in Slings
  6058 | D:5      | Reached skill level 4 in Bows
  6058 | D:5      | Reached skill level 4 in Crossbows
  6058 | D:5      | Reached skill level 4 in Throwing
  6058 | D:5      | Reached skill level 4 in Armour
  6058 | D:5      | Reached skill level 4 in Dodging
  6058 | D:5      | Reached skill level 4 in Stealth
  6058 | D:5      | Reached skill level 4 in Shields
  6058 | D:5      | Reached skill level 4 in Unarmed Combat
  6058 | D:5      | Reached skill level 4 in Evocations
  6155 | D:5      | Found a staircase to the Ecumenical Temple.
  6170 | D:5      | Reached skill level 5 in Spellcasting
  6409 | Temple   | Entered the Ecumenical Temple
  7832 | D:6      | Noticed Pikel
  7952 | D:5      | Killed Pikel
  7953 | D:5      | Reached skill level 8 in Fighting
  7953 | D:5      | Reached skill level 8 in Maces & Flails
  8178 | D:6      | Reached skill level 5 in Invocations
  8525 | D:6      | Noticed a hornet
  8553 | D:6      | Gained mutation: Your magical capacity is low. (-10% MP)
                  | [potion of mutation]
  8553 | D:6      | Gained mutation: You are dopey. (Int -2) [potion of
                  | mutation]
  8553 | D:6      | HP: 7/74 [hornet (5)]
  8554 | D:6      | HP: 1/74 [poisoned by a hornet]
  8555 | D:6      | Succumbed to a hornet's poison

Vanquished Creatures
  Pikel (D:5)
  Sigmund (D:2)
  Eustachio (D:5)
  4 vampire mosquitoes (D:4)
  Edmund (D:3)
  Menkaure (D:4)
  An orc warrior (D:5)
  2 black bears
  Pargi (D:4)
  2 necrophages
  A phantom (D:5)
  4 lemures (D:5)
  A bullfrog (D:6)
  Blork the orc (D:4)
  2 scorpions
  A water moccasin zombie (D:5)
  A gnoll sergeant (D:4)
  A water moccasin skeleton (D:4)
  A bullfrog zombie (D:6)
  2 hounds
  6 orc priests
  2 centaur skeletons (D:4)
  2 orc wizards
  A hound skeleton (D:5)
  A mummy (D:4)
  7 gnolls
  4 adders
  A howler monkey skeleton (D:4)
  A shadow imp (D:5)
  2 dart slugs (D:2)
  29 orcs
  4 bats
  2 endoplasms (D:1)
  2 giant cockroaches
  6 goblins
  10 hobgoblins
  2 jackals (D:2)
  6 kobolds
  A quokka (D:1)
  3 ball pythons
  A frilled lizard (D:1)
  A quokka skeleton (D:4)
  4 rats
128 creatures vanquished.

Vanquished Creatures (others)
  41 foxfires
41 creatures vanquished.

Grand Total: 169 creatures vanquished
